 Dungeon Crawl Stone Soup version 0.31-a0-1-g4198be8af4 (webtiles) character file.

Game seed: 747471083879928525

4 TheAraber the Scratcher (level 1, -1/9 HPs)
             Began as a Felid Transmuter on May 2, 2023.
             Slain by a hobgoblin (4 damage)
             ... on level 1 of the Dungeon.
             The game lasted 00:00:35 (144 turns).

TheAraber the Scratcher (Felid Transmuter)           Turns: 144, Time: 00:00:35

Health: -1/9       AC:  1    Str:  6    XL:     1   Next: 58%
Magic:  3/4        EV: 17    Int: 14    God:
Gold:   0          SH:  0    Dex: 16    Spells: 3/4 levels left
                                        Lives:  0   Deaths: 0

rFire   . .          .
                       - Unarmed
rCold   . . .        (shield unavailable)
rNeg    . . .        (body armour unavailable)
rPois   .            (helmet unavailable)
rElec   .            (cloak unavailable)
rCorr   .            (gloves unavailable)
SInv    +            (boots unavailable)
Will    .....        (no amulet)
Stlth   +            (no ring)
HPRegen 0.21/turn    (no ring)
MPRegen 0.09/turn

%: no passive effects
@: appendages, quick
A: horns 2, very small, claws 1, fangs 3, see invisible, speed 1, shaggy fur 1,
stealthy paws, no weapons or thrown items, no armour, multi-lived
a: End Transformation


You were on level 1 of the Dungeon.
You had temporarily grown beastly horns.
You visited 1 branch of the dungeon, and saw 1 of its levels.

Inventory:

Scrolls
 c - a scroll of summoning {unknown}
 d - a scroll of magic mapping {unknown}
Potions
 a - a potion of lignification
 b - a potion of heal wounds {unknown}


   Skills:
 + Level 1.1 Fighting
 + Level 2.8 Dodging
 + Level 3.0 Unarmed Combat
 - Level 2.0 Spellcasting
 * Level 2.4 Transmutations


You had 3 spell levels left.
You knew the following spells:

 Your Spells              Type           Power      Damage    Failure   Level
a - Beastly Appendage     Tmut           16%        N/A       9%          1

Your spell library contained the following spells:

 Spells                   Type           Power      Damage    Failure   Level
 Wereblood                Tmut           8%         N/A       13%         2
 Spider Form              Tmut/Pois      4%         N/A       41%         3
 Ignite Poison            Fire/Tmut/Pois 3%         N/A       45%         3
 Ice Form                 Ice/Tmut       4%         N/A       82%         4
 Sticky Flame             Conj/Fire      1%         2d3       93%         4
 Ignition                 Fire           0%         3d3       100%        8


Dungeon Overview and Level Annotations

Branches:
Dungeon (1/15)

Altars:


Innate Abilities, Weirdness & Mutations

You have temporarily grown beastly horns.
You have sharp claws.
You have razor-sharp teeth.
You have supernaturally acute eyesight. (SInv)
You cover ground quickly. (Speed+)
You are covered in fur. (AC +1)
Your paws help you pounce on unaware monsters.
You are incapable of wielding weapons or throwing items.
You cannot wear armour.
You gain extra lives every three experience levels.


Message History

You scratch the quokka.
The quokka is heavily wounded.
The quokka closely misses you.
You scratch the quokka.
The quokka is almost dead.
The quokka barely misses you.
You closely miss the quokka.
You headbutt the quokka, but do no damage.
The quokka is severely wounded.
The quokka completely misses you.
You miss the quokka. Your bite misses the quokka.
The quokka is severely wounded.
The quokka bites you. The quokka closely misses you.
You scratch the quokka.
You kill the quokka!
No target in view!
Your transformation is almost over.
Your horns disappear.
A hobgoblin comes into view.
A hobgoblin is nearby!
Casting: Beastly Appendage (safe; 9% risk of failure)
Confirm with . or Enter, or press ? or * to list all spells.
You grow a pair of large bovine horns.
The hobgoblin shouts!
You hear an angry hiss.
A ball python comes into view.
The hobgoblin misses you.
The ball python hisses angrily.
You scratch the hobgoblin.
The hobgoblin is lightly wounded.
The hobgoblin misses you.
An endoplasm comes into view.
You barely miss the hobgoblin.
The hobgoblin is lightly wounded.
The hobgoblin hits you.
A goblin comes into view. It is wielding a +0 club.
The ball python bites you. The ball python misses you.
You are too injured to fight recklessly!
You are too injured to fight recklessly!
The hobgoblin hits you.
You die...

#.###......### #.
#...##....###.#....... .
#...####......######## ..
#J..###...###.#
#.##...#...#.# #.###
#...J..#.###.# #...##
#....#.# #.# ###..##
#....#.###.# ##..##
#.Sg@....# ##..##
........##############..#
.#g#.#>## #........#
....# ########.# #.#.#
#.....#.# #..# #.....'.#
... #<.8..#.# #.
#.....+.# #.....###


You could see an endoplasm (wandering), a hobgoblin, a goblin (wandering) and a
ball python.

Vanquished Creatures
  A goblin (D:1)
  A hobgoblin (D:1)
  A quokka (D:1)
  A frilled lizard (D:1)
4 creatures vanquished.

Notes
Turn   | Place    | Note
-------+----------+-------------------------------------------
     0 | D:1      | TheAraber the Felid Transmuter began the quest for the Orb.
     0 | D:1      | Reached XP level 1. HP: 9/9 MP: 4/4
   144 | D:1      | Slain by a hobgoblin

Illustrated notes

Levels and vault maps discovered:
D:1:      minmay_arrival_solitary_statue, layout_basic, st_stairs_13

Action                     || total
---------------------------++-------
  Melee: Unarmed           ||    13
         Headbutt          ||     3
         Bite              ||     1
   Cast: Beastly Appendage ||     4
   Stab: Sleeping          ||     1
  Dodge: Dodged            ||    10

Table legend: (Time is in decaauts)
 A = Elapsed time spent in this place.
 B = Non-inter-level travel time spent in this place.
 C = Inter-level travel time spent in this place.
 D = Time resting spent in this place.
 E = Time spent auto-exploring this place.
 F = Levels seen in this place.
 G = Mean time per level.
                   A        B        C        D        E       F      G
               +--------+--------+--------+--------+--------+-----+--------+
         Total |    127 |    127 |      0 |      0 |     92 |   1 |  127.0 |
       Dungeon |    127 |    127 |      0 |      0 |     92 |   1 |  127.0 |
               +--------+--------+--------+--------+--------+-----+--------+

Top non-repeatable levels by time:
     D:1: 127 daAuts
